 Dungeon Crawl Stone Soup version 0.30-a0-989-g0d87f670db (webtiles) character file.

Game seed: 10005069069565938136

64 Twinkles the Shield-Bearer (level 3, 0/36 HPs)
             Began as a Troll Fighter on Apr 4, 2023.
             Slain by a gnoll
             ... wielding a +0 flail
              (10 damage)
             ... on level 2 of the Dungeon.
             The game lasted 00:05:42 (1135 turns).

Twinkles the Shield-Bearer (Troll Fighter)          Turns: 1135, Time: 00:05:42

Health: 0/36       AC:  4    Str: 24    XL:     3   Next: 91%
Magic:  2/2        EV:  8    Int: 12    God:
Gold:   113        SH:  7    Dex:  9    Spells: 2/2 levels left

rFire   . . .      SeeInvis .      - Unarmed
rCold   . . .      Faith    .    b - +0 kite shield
rNeg    + . .      Spirit   .    a - +0 robe
rPois   .          Reflect  .    (helmet restricted)
rElec   .          Rampage  .    (no cloak)
rCorr   .                        (gloves unavailable)
Will    .....                    (boots unavailable)
Stlth   +                        (no amulet)
HPRegen 1.06/turn                d - ring of positive energy
MPRegen 0.08/turn                m - +6 ring of intelligence

@: no status effects
A: large, unfitting armour, claws 3, regeneration 1, shaggy fur 1, tough skin 1
a: no special abilities


You were on level 2 of the Dungeon.
You visited 1 branch of the dungeon, and saw 2 of its levels.

You collected 113 gold pieces.

Inventory:

Armour
 a - a +0 robe (worn)
 b - a +0 kite shield (worn)
Jewellery
 d - a ring of positive energy (left claw)
 m - a +6 ring of intelligence (right claw)
Scrolls
 e - a scroll of amnesia {unknown}
 h - a scroll of blinking {unknown}
 i - a scroll of enchant armour {unknown}
 j - a scroll of brand weapon {unknown}
 k - a scroll of identify {unknown}
 l - a scroll of noise {unknown}
Potions
 c - 2 potions of mutation {unknown}
 f - a potion of heal wounds {unknown}
 g - a potion of invisibility {unknown}
 n - 2 potions of curing {unknown}
 M - a potion of might


   Skills:
 + Level 2.8 Fighting
 + Level 2.8 Dodging
 + Level 3.1 Shields
 * Level 3.1 Unarmed Combat


You had 2 spell levels left.
You didn't know any spells.
Your spell library contained the following spells:

 Spells                   Type           Power      Damage    Failure   Level
 Magic Dart               Conj           0%         1d3       61%         1
 Slow                     Hex            0%         N/A       61%         1
 Call Imp                 Summ           0%         N/A       75%         2
 Dazzling Flash           Conj/Hex       0%         N/A       93%         3
 Ignite Poison            Fire/Tmut/Pois 0%         N/A       93%         3
 Kindle Blastsparks       Fire/Tloc/Air  0%         2d10      93%         3
 Mephitic Cloud           Conj/Pois/Air  0%         N/A       93%         3
 Freezing Cloud           Conj/Ice/Air   0%         6-21      100%        5
 Silence                  Hex/Air        0%         N/A       100%        5
 Discord                  Hex            0%         N/A       100%        8


Dungeon Overview and Level Annotations

Branches:
Dungeon (2/15) Zot: 10857

Altars:

Shops:
D:1 :(***


Innate Abilities, Weirdness & Mutations

You are too large for most types of armour.
You have claws for hands.
Your natural rate of healing is unusually fast.
You are covered in fur. (AC +1)
You have tough skin. (AC +1)


Message History

The gnoll is lightly wounded.
You block the gnoll's attack.
The gnoll hits you from afar with a +0 halberd.
The gnoll hits you with a +0 flail. You block the gnoll's attack.
You scratch the gnoll.
The gnoll is heavily wounded.
You block the gnoll's attack.
The gnoll hits you from afar with a +0 halberd.
You scratch the gnoll.
The gnoll is severely wounded.
The gnoll hits you with a +0 flail.
* * * LOW HITPOINT WARNING * * *
You block the gnoll's attack.
You barely miss the gnoll.
The gnoll is severely wounded.
The gnoll hits you with a +0 flail.
* * * LOW HITPOINT WARNING * * *
The gnoll closely misses you. The gnoll attacks as you move away!
The gnoll hits you with a +0 flail.
* * * LOW HITPOINT WARNING * * *
The gnoll attacks as you move away! You block the gnoll's attack.
Okay, then.
Unknown command.
The gnoll attacks as you move away! You block the gnoll's attack.
The gnoll attacks as you move away! The gnoll barely misses you.
The gnoll attacks as you move away! You block the gnoll's attack.
The gnoll attacks as you move away! The gnoll barely misses you.
The gnoll attacks as you move away! You block the gnoll's attack.
The gnoll attacks as you move away! The gnoll barely misses you.
The gnoll attacks as you move away! The gnoll barely misses you.
The gnoll attacks as you move away! You block the gnoll's attack.
The gnoll attacks as you move away! The gnoll barely misses you.
The gnoll attacks as you move away! The gnoll hits you with a +0 flail.
The gnoll attacks as you move away! The gnoll hits you with a +0 flail!
The gnoll attacks as you move away! You block the gnoll's attack.
The gnoll attacks as you move away! You block the gnoll's attack.
The gnoll attacks as you move away! The gnoll hits you with a +0 flail!
* * * LOW HITPOINT WARNING * * *
The gnoll attacks as you move away! The gnoll hits you with a +0 flail!
You die...

####.........##..# ###..#
#..<.........##..###...##
#........................
#............#......####.
####.........#.....####..
#.....)...g.......###....
#............#....#.....#
#...)...g##..............
####.#..@##[.............
#.....##..............
#......#...........)..
###..##.........#...#...
#.........<.............
#..#.###....#...###.....
######..#.####....)).#
#...''
#.................#<.#
#...''
#.................#.##
###.''


You could see 2 gnolls.

Vanquished Creatures
  A gnoll (D:2)
  2 adders
  A worm (D:2)
  A dart slug (D:1)
  A bat (D:2)
  2 endoplasms
  2 giant cockroaches (D:1)
  5 goblins
  2 hobgoblins (D:1)
  2 quokkas (D:1)
  A ball python (D:1)
  2 frilled lizards (D:1)
  4 kobolds
  6 rats (D:1)
32 creatures vanquished.

Notes
Turn   | Place    | Note
-------+----------+-------------------------------------------
     0 | D:1      | Twinkles the Troll Fighter began the quest for the Orb.
     0 | D:1      | Reached XP level 1. HP: 22/22 MP: 0/0
    52 | D:1      | Found Vasior's Assorted Antiques.
   114 | D:1      | Found Qilat's General Store.
   119 | D:1      | Reached XP level 2. HP: 29/29 MP: 1/1
   327 | D:1      | Found Woap's Antique Weapon Shoppe.
   341 | D:1      | Found Luogor's Assorted Antiques.
   676 | D:1      | Found Taufuat's Book Shop.
   737 | D:2      | Got Duwumnio's Tractate on Enchantment
   749 | D:2      | Reached XP level 3. HP: 36/36 MP: 2/2
   765 | D:2      | HP: 10/36 [poisoned by an adder]
   770 | D:2      | HP: 10/36 [poisoned by an adder]
   920 | D:2      | Found a faded altar of an unknown god.
  1099 | D:2      | HP: 9/36 [gnoll/+0 flail (4)]
  1101 | D:2      | HP: 1/36 [gnoll/+0 flail (4)]
  1134 | D:2      | HP: 9/36 [gnoll/+0 flail (12)]
  1135 | D:2      | Slain by a gnoll

Illustrated notes

Levels and vault maps discovered:
D:1:      spicycebolla_green_bress_n_ham_2, layout_basic, serial_shops, shop,
          shop, shop, nicolae_lakefront_shop, shop
D:2:      layout_rooms, basic_altar, hellmonk_ecumenical_altar_heavens_door

Skill      XL: |  1  2  3 |
---------------+----------+-----
Shields        | 3 |  3.1
Unarmed Combat | 3 |  3.1
Fighting       | |  2.8
Dodging        | |  2.8

Action                     || total
---------------------------++-------
  Melee: Unarmed           ||    92
 Armour: Robe              ||    24
  Dodge: Dodged            ||    43
  Block: Kite shield       ||    46

Table legend: (Time is in decaauts)
 A = Elapsed time spent in this place.
 B = Non-inter-level travel time spent in this place.
 C = Inter-level travel time spent in this place.
 D = Time resting spent in this place.
 E = Time spent auto-exploring this place.
 F = Levels seen in this place.
 G = Mean time per level.
                   A        B        C        D        E       F      G
               +--------+--------+--------+--------+--------+-----+--------+
         Total |   1143 |   1099 |     44 |     21 |    816 |   2 |  571.5 |
       Dungeon |   1143 |   1099 |     44 |     21 |    816 |   2 |  571.5 |
               +--------+--------+--------+--------+--------+-----+--------+

Top non-repeatable levels by time:
     D:1: 787 daAuts
     D:2: 356 daAuts
